 Dungeon Sprint DCSS version 0.28-a0-1236-gb25a51b929 (webtiles) character file.

Game seed: 8256996005113217403

14364 mhtbhm the Phalangite (level 11, -6/124 HPs)
             Began as a Minotaur Berserker on Dec 25, 2021.
             Was the Champion of Trog.
             Mangled by an orc knight (21 damage)
             ... in the Dungeon (Sprint IX: "|||||||||||||||||||||||||||||").
             The game lasted 00:05:00 (1885 turns).

mhtbhm the Phalangite (Minotaur Berserker)          Turns: 1885, Time: 00:05:01

Health: -6/124     AC: 15    Str: 25    XL:     11   Next: 87%
Magic:  10/10      EV: 15    Int:  7    God:    Trog [******]
Gold:   1275       SH:  0    Dex: 11    Spells: 10/10 levels left

rFire   . . .      SeeInvis .   a - +1 glaive (flame)
rCold   . . .      Faith    .   (shield currently unavailable)
rNeg    . . .      Spirit   .   b - +2 ring mail
rPois   .          Reflect  .   (helmet restricted)
rElec   .          Harm     .   k - +0 cloak
rCorr   .          Rampage  .   (no gloves)
Will    .....      NoTele   +   l - +0 pair of boots
Stlth   +.........              (no amulet)
HPRegen 0.30/turn               m - +2 ring of protection
MPRegen 0.12/turn               n - +3 ring of intelligence

@: on berserk cooldown, slowed, very slow
A: horns 2, retaliatory headbutt
a: Renounce Religion, Berserk, Trog's Hand, Brothers in Arms


You were in the Dungeon.
You worshipped Trog.
Trog was exalted by your worship.
You visited 1 branch You collected 1275 gold pieces.

Inventory:

Hand Weapons
 a - a +1 glaive of flaming (weapon)
 w - a +3 halberd of flaming
Armour
 b - a +2 ring mail (worn)
 k - a +0 cloak (worn)
 l - a +0 pair of boots (worn)
Jewellery
 m - a +2 ring of protection (left hand)
 n - a +3 ring of intelligence (right hand)
Wands
 j - a wand of acid (4)
Scrolls
 h - 2 scrolls of blinking
 s - 2 scrolls of enchant armour
 t - a scroll of fog
 u - a scroll of fear
 v - 2 scrolls of enchant weapon
Potions
 c - 8 potions of curing
 d - 7 potions of heal wounds
 e - a potion of haste
 f - 4 potions of magic
 g - a potion of berserk rage
 i - a potion of invisibility
 o - a potion of might
 p - 2 potions of mutation
 q - a potion of cancellation
Miscellaneous
 r - a box of beasts


   Skills:
 + Level 20.3 Fighting
 + Level 23.5 Polearms
 + Level 13.3 Armour
 + Level 11.0 Dodging
 + Level 0.6 Stealth
 + Level 2.0 Evocations


You had 10 spell levels left.
You didn't know any spells.
Your spell library was empty.

Dungeon Overview and Level Annotations

Branches:
Dungeon (1/1)

Altars:
Cheibriados
Dithmenos
Elyvilon
Fedhas
Gozag
Hepliaklqana
Kikubaaqudgha
Makhleb
Nemelex Xobeh
Okawaru
Qazlal
Ru
Sif Muna
Trog
Uskayaw
Vehumet
Wu Jian
Xom
Yredelemnul
Zin
The Shining One
Beogh
Jiyva
Lugonu

Shops:
D (


Innate Abilities, Weirdness & Mutations

You have a pair of horns on your head.
You reflexively headbutt those who attack you in melee.


Message History

Your stone giant's corpse disappears in a puff of smoke!
Unknown command.
Reach: a) +1 glaive (flame)
Press: ? - help, Dir - move target, f/p - orc knight
Aim: an orc knight, wielding a +1 battleaxe and wearing a +0 plate armour (heavily wounded, about 27% to evade your +1 glaive of flaming)
You reach to attack!
You barely miss the orc knight.
The orc knight is heavily wounded.
Unknown command.
Unknown command.
Aiming: Corrosive Bolt
Press: ? - help, Shift-Dir - straight line, f/p - orc knight
Aim: an orc knight, wielding a +1 battleaxe and wearing a +0 plate armour (heavily wounded, 71% to hit)
The bolt of acid hits the orc knight!
The orc knight is heavily wounded.
The bolt of acid hits the orc high priest!
The orc high priest is lightly wounded.
The bolt of acid hits the orange demon!
The acid corrodes the orange demon!
The orange demon is moderately wounded.
The bolt of acid misses the red devil.
The orc knight closely misses you. You furiously retaliate!
You headbutt the orc knight.
The orc high priest mumbles some strange prayers to Beogh against you.
Beogh smites you!
* * * LOW HITPOINT WARNING * * *
Unknown command.
Unknown command.
Aiming: Corrosive Bolt
Press: ? - help, Shift-Dir - straight line, f/p - orc knight
Aim: an orc knight, wielding a +1 battleaxe and wearing a +0 plate armour (severely wounded, 71% to hit)
The bolt of acid hits the orc knight.
The orc knight is severely wounded.
The bolt of acid hits the orc high priest!
The orc high priest is moderately wounded.
The bolt of acid misses the orange demon.
The bolt of acid hits the red devil!
The red devil is moderately wounded.
The orc knight hits you with a +1 battleaxe!!
* * * LOW HITPOINT WARNING * * *
The orc high priest utters an invocation to Beogh.
The orc knight hits you with a +1 battleaxe!!
You die...

▓.▓.▓†▓.▓o▓
▓'▓.▓)▓.▓)▓
▓_▓.▓)▓.▓)▓
▓_▓.▓.▓.▓4▓
▓_▓.▓.▓.▓4▓
▓_▓.▓.▓.▓o▓
▓_▓.▓.▓.▓4▓
▓_▓.▓.▓.▓o▓
▓_▓.▓.▓.▓@▓
▓_▓.▓.▓.▓)▓
▓_▓.▓÷▓.▓)▓
▓_▓.▓÷▓.▓)▓
▓_▓.▓.▓.▓)▓
▓_▓.▓.▓.▓)▓
▓_▓.▓.▓.▓)▓
▓_▓.▓.▓.▓)▓
▓_▓.▓.▓.▓.▓


You could see an orc knight, an orc high priest (strong), 2 orange demons and a
red devil (summoned).

Vanquished Creatures
  2 hydras (D)
  A boulder beetle (D)
  A two-headed ogre (D)
  A death yak (D)
  3 orc high priests (D)
  5 orc knights (D)
  A gargoyle (D)
  4 cane toads (D)
  4 komodo dragons (D)
  A meliai (D)
  4 polar bears (D)
  3 blink frogs (D)
  An acid dragon (D)
  4 water moccasins (D)
  4 black bears (D)
  9 orc warriors (D)
  2 ogres (D)
  A necrophage (D)
  A wolf (D)
  A gnoll sergeant (D)
  A howler monkey (D)
  3 orc priests (D)
  5 orc wizards (D)
  An adder zombie (D)
  A dart slug (D)
  5 orcs (D)
  A bat (D)
  A bat skeleton (D)
  A bat zombie (D)
  A goblin (D)
  A frilled lizard (D)
  A giant cockroach zombie (D)
  A rat (D)
76 creatures vanquished.

Vanquished Creatures (collateral kills)
  An orc high priest (D)
  An orc knight (D)
  2 orc warriors (D)
4 creatures vanquished.

Grand Total: 80 creatures vanquished

Notes
Turn   | Place    | Note
-------+----------+-------------------------------------------
     0 | D        | mhtbhm the Minotaur Berserker began the quest for the Orb.
     0 | D        | Reached XP level 1. HP: 19/19 MP: 0/0
     4 | D        | Reached skill level 4 in Polearms
     9 | D        | Reached ** piety under Trog
    20 | D        | Noticed an ogre
    20 | D        | Noticed an ogre
    20 | D        | Noticed a necrophage
    20 | D        | Noticed a water moccasin
    25 | D        | Killed a water moccasin
    26 | D        | Reached skill level 7 in Polearms
    26 | D        | Reached XP level 2. HP: 34/35 MP: 1/1
    26 | D        | Reached XP level 3. HP: 39/40 MP: 2/2
    26 | D        | Reached XP level 4. HP: 47/48 MP: 3/3
    28 | D        | Killed a necrophage
    28 | D        | Reached *** piety under Trog
    29 | D        | Reached skill level 9 in Polearms
    29 | D        | Reached XP level 5. HP: 53/57 MP: 4/4
    31 | D        | Killed an ogre
    32 | D        | Reached skill level 10 in Fighting
    32 | D        | Reached skill level 10 in Polearms
    32 | D        | Reached skill level 5 in Armour
    32 | D        | Reached skill level 5 in Dodging
    32 | D        | Reached XP level 6. HP: 62/66 MP: 5/5
    36 | D        | Reached skill level 11 in Polearms
   167 | D        | Found a snail-covered altar of Cheibriados.
   167 | D        | Found a shadowy altar of Dithmenos.
   167 | D        | Found a white marble altar of Elyvilon.
   167 | D        | Found a blossoming altar of Fedhas.
   167 | D        | Found an opulent altar of Gozag.
   168 | D        | Found a hazy altar of Hepliaklqana.
   169 | D        | Found a viscous altar of Jiyva.
   170 | D        | Found an ancient bone altar of Kikubaaqudgha.
   171 | D        | Found a corrupted altar of Lugonu.
   172 | D        | Found a burning altar of Makhleb.
   173 | D        | Found a sparkling altar of Nemelex Xobeh.
   174 | D        | Found an iron altar of Okawaru.
   175 | D        | Found a stormy altar of Qazlal.
   176 | D        | Found a sacrificial altar of Ru.
   177 | D        | Found a shimmering blue altar of Sif Muna.
   178 | D        | Found a bloodstained altar of Trog.
   179 | D        | Found a hide-covered altar of Uskayaw.
   180 | D        | Found a radiant altar of Vehumet.
   181 | D        | Found an ornate altar of the Wu Jian Council.
   182 | D        | Found a shimmering altar of Xom.
   183 | D        | Found a basalt altar of Yredelemnul.
   184 | D        | Found a glowing silver altar of Zin.
   185 | D        | Found a glowing golden altar of the Shining One.
   203 | D        | Got the +2 halberd "Kesis" {drain, rN+ Int-2 Dex+4}
   339 | D        | Noticed an acid dragon
   342 | D        | Reached **** piety under Trog
   348 | D        | Killed an acid dragon
   349 | D        | Reached skill level 12 in Polearms
   349 | D        | Reached XP level 7. HP: 74/74 MP: 6/6
   361 | D        | Reached ***** piety under Trog
   416 | D        | Noticed a two-headed ogre
   416 | D        | Noticed a boulder beetle
   416 | D        | Noticed a gargoyle
   416 | D        | Noticed a meliai
   418 | D        | Killed a meliai
   419 | D        | Reached skill level 13 in Polearms
   423 | D        | Killed a gargoyle
   424 | D        | Reached skill level 14 in Polearms
   424 | D        | Reached XP level 8. HP: 86/86 MP: 7/7
   472 | D        | Killed a two-headed ogre
   473 | D        | Reached skill level 15 in Polearms
   476 | D        | Killed a boulder beetle
   477 | D        | Reached skill level 16 in Polearms
   477 | D        | Reached XP level 9. HP: 96/96 MP: 8/8
   667 | D        | Noticed an eight-headed hydra
   667 | D        | Noticed a cane toad
   667 | D        | Noticed a komodo dragon
   670 | D        | Killed a komodo dragon
   671 | D        | Reached skill level 15 in Fighting
   671 | D        | Reached skill level 17 in Polearms
   672 | D        | Killed a cane toad
   672 | D        | Received a gift from Trog
   678 | D        | Killed a 12-headed hydra
   679 | D        | Reached skill level 18 in Polearms
   683 | D        | Reached ****** piety under Trog
   689 | D        | Reached skill level 10 in Armour
   694 | D        | Reached XP level 10. HP: 106/107 MP: 9/9
   698 | D        | Reached skill level 19 in Polearms
   831 | D        | Noticed a death yak
   831 | D        | Noticed a four-headed hydra
   831 | D        | Noticed a cane toad
   839 | D        | Received a gift from Trog
   843 | D        | Killed a seven-headed hydra
   844 | D        | Reached skill level 20 in Polearms
   846 | D        | Noticed a cane toad
   848 | D        | Killed a death yak
   849 | D        | Noticed a cane toad
   855 | D        | Killed a cane toad
   859 | D        | Killed a cane toad
   860 | D        | Reached skill level 21 in Polearms
   862 | D        | Killed a cane toad
  1192 | D        | Received a gift from Trog
  1203 | D        | Reached XP level 11. HP: 119/119 MP: 10/10
  1213 | D        | Received a gift from Trog
  1372 | D        | Noticed an orc knight
  1380 | D        | Received a gift from Trog
  1390 | D        | Killed an orc knight
  1391 | D        | Reached skill level 22 in Polearms
  1391 | D        | Reached skill level 10 in Dodging
  1394 | D        | Received a gift from Trog
  1523 | D        | Noticed an orc knight
  1540 | D        | Noticed an orc high priest
  1543 | D        | Killed an orc knight
  1557 | D        | Killed an orc high priest
  1558 | D        | Reached skill level 1 in Evocations
  1561 | D        | Received a gift from Trog
  1840 | D        | Found Boukkapu's Antique Weapon Boutique.
  1840 | D        | Noticed an orc knight
  1840 | D        | Noticed an orc knight
  1840 | D        | Noticed an orc high priest
  1840 | D        | Noticed an orc knight
  1840 | D        | Noticed an orc high priest
  1841 | D        | Noticed an orc high priest
  1844 | D        | Noticed an orc knight
  1845 | D        | Killed an orc high priest
  1848 | D        | Killed an orc knight
  1855 | D        | Killed an orc high priest
  1856 | D        | Reached skill level 23 in Polearms
  1856 | D        | Noticed an orc knight
  1859 | D        | Killed an orc knight
  1863 | D        | Killed an orc knight
  1864 | D        | Noticed an orc high priest
  1878 | D        | Killed an orc high priest
  1878 | D        | Received a gift from Trog
  1879 | D        | Killed an orc knight
  1885 | D        | Mangled by an orc knight

Illustrated notes

Levels and vault maps discovered:
D:        linesprint [early_d, line_temple, items_1, d_10, items_2, lair_1,
          lair_end, items_3, orc_1, orc_end, items_4, d_15, swamp_1, shoals_1,
          snake_1, spider_1, d_20, vaults_1, items_5, swamp_end, shoals_end,
          snake_end, spider_end, vaults_end, d_27, items_6, zot_1, zot_end,
          crypt_end, forest_end, elf_end, slime_end, tomb_end, abyss_end,
          pan_hell_end]

Skill      XL: |  1  2  3  4  5  6  7  8  9 10 11 |
---------------+----------------------------------+-----
Fighting       | 7 9 10 11 13 14 16 18 20 | 20.3
Polearms       | 7 9 10 12 14 16 18 21 23 | 23.5
Armour         | 4 5 7 8 10 11 13 | 13.3
Dodging        | 3 4 5 6 7 8 9 11 | 11.0
Evocations     | 2 |  2.0
Stealth        | |  0.6

Action                   |  1- 3 |  4- 6 |  7- 9 | 10-12 || total
-------------------------+-------+-------+-------+-------++-------
Melee: Spear             |    10 |    11 |       |       ||    21
       Headbutt          |     3 |     3 |     6 |    25 ||    37
       Halberd           |       |     6 |    52 |    59 ||   117
       Glaive            |       |       |       |    87 ||    87
Invok: Berserk           |     1 |     1 |     3 |     5 ||    10
       Brothers in Arms  |       |       |       |     3 ||     3
Evoke: Wand              |       |       |       |     6 ||     6
  Use: Scroll            |       |       |       |     1 ||     1
Armor: Animal skin       |     4 |       |       |       ||     4
       Ring mail         |       |       |    18 |    20 ||    38
Dodge: Dodged            |     1 |     5 |    21 |    37 ||    64

Table legend: (Time is in decaauts)
 A = Elapsed time spent in this place.
 B = Non-inter-level travel time spent in this place.
 C = Inter-level travel time spent in this place.
 D = Time resting spent in this place.
 E = Time spent auto-exploring this place.
 F = Levels seen in this place.
 G = Mean time per level.
                   A        B        C        D        E       F      G
               +--------+--------+--------+--------+--------+-----+--------+
         Total |   1894 |   1894 |      0 |   1202 |    161 |   1 | 1894.0 |
       Dungeon |   1894 |   1894 |      0 |   1202 |    161 |   1 | 1894.0 |
               +--------+--------+--------+--------+--------+-----+--------+

Top non-repeatable levels by time:
       D: 1894 daAuts
